Map: Dusk Towers

Players

sugartits

  • Race: Terran Terran
  • League: Bronze
  • Spawn Location: 1:00

Fropez - Winner!

  • Race: Protoss Protoss
  • League: Silver
  • Spawn Location: 7:00

VOD

Have the link to the VOD?

Description

Time

  • Played on: June 21, 2016, 11:21 a.m.
  • Length: 8:19
Show
View Real Time Build Order
Export as new Build Order

sugartits Terran 

Build Orders: 1/1/1, MMM Bio, Banshee Rush 

Get SALT Encoding   

  12  0:00  SCV  
  13  0:13  SCV  
  14  0:25  SCV  
  14  0:27  Supply Depot  
  15  0:30  Refinery  
  15  0:49  Barracks  
  15  0:51  SCV  
  16  1:03  SCV  
  17  1:04  Supply Depot  
  17  1:15  SCV  
  18  1:27  SCV  
  19  1:36  Marine  
  19  1:38  Factory  
  20  1:42  SCV  
  20  1:43  Refinery  
  20  1:54  Marine  
  20  1:55  SCV  
  22  2:08  Orbital Command  
  22  2:12  Marine  
  23  2:21  Factory Tech Lab  
  23  2:26  Starport  
  23  2:30  Marine  
  23  2:36  SCV  
  25  2:48  Marine, SCV  
  27  2:54  Supply Depot  
  27  3:09  Command Center  
  27  3:12  Marine  
  28  3:20  Supply Depot  
  28  3:22  SCV  
  29  3:27  Starport Tech Lab  
  29  3:33  Starport  
  29  3:42  Barracks Tech Lab  
  29  3:44  Siege Tank  
  32  3:56  Cloaking Field  
  32  4:04  Marauder  
  32  4:05  Stimpack  
  32  4:09  Starport Tech Lab  
  34  4:20  Refinery  
  34  4:23  Orbital Command  
  34  4:31  Refinery  
  34  4:38  Marauder  
  36  4:45  Banshee  
  39  4:55  Banshee  
  42  5:04  SCV  
  42  5:05  SCV  
  44  5:15  Marine  
  44  5:17  SCV x2  
  47  5:23  Engineering Bay  
  47  5:28  Banshee  
  47  5:29  SCV x2  
  52  5:38  Banshee  
  52  5:41  SCV x2  
  57  5:45  Supply Depot  
  57  5:53  Terran Infantry Weapons Level 1  
  57  6:09  Supply Depot  
  57  6:11  Banshee  
  60  6:21  Banshee  
  63  6:28  Barracks  
  63  6:36  Supply Depot  
  63  6:39  Barracks  
  63  6:56  Marauder, Combat Shields  
  65  7:17  Barracks Tech Lab  
  65  7:27  Barracks  
  65  7:28  Barracks Tech Lab  
  65  7:33  Barracks  
Show
View Real Time Build Order
Export as new Build Order

Fropez Protoss - Winner!

Build Orders:  

Get SALT Encoding   

  12  0:16  Pylon  
  12  0:18  Probe (Chrono Boost)  
  13  0:30  Probe (Chrono Boost)  
  14  0:40  Probe (Chrono Boost)  
  15  0:51  Probe (Chrono Boost)  
  15  0:57  Gateway  
  16  1:01  Probe (Chrono Boost)  
  16  1:03  Pylon  
  17  1:12  Probe (Chrono Boost)  
  17  1:15  Gateway  
  18  1:22  Assimilator  
  19  1:28  Gateway  
  19  1:30  Probe (Chrono Boost)  
  19  1:41  Probe (Chrono Boost)  
  19  1:45  Pylon  
  20  1:52  Probe (Chrono Boost)  
  21  1:59  Pylon  
  21  2:05  Cybernetics Core  
  21  2:09  Probe (Chrono Boost)  
  22  2:19  Assimilator  
  22  2:20  Probe (Chrono Boost)  
  23  2:42  Adept x2  
  23  2:43  Adept  
  29  2:44  Warp Gate  
  30  2:55  Probe (Chrono Boost)  
  31  3:13  Probe (Chrono Boost)  
  31  3:14  Nexus  
  31  3:20  Adept  
  35  3:27  Adept  
  35  3:33  Adept  
  37  4:01  Pylon  
  37  4:03  Probe (Chrono Boost)  
  38  4:16  Mothership Core (Chrono Boost)  
  40  4:18  Adept x3  
  46  4:33  Probe (Chrono Boost)  
  47  4:41  Probe (Chrono Boost)  
  49  4:45  Probe (Chrono Boost)  
  49  4:46  Forge  
  49  4:48  Robotics Facility  
  50  4:52  Probe (Chrono Boost)  
  50  5:10  Probe (Chrono Boost)  
  50  5:11  Probe (Chrono Boost)  
  52  5:14  Adept x2  
  52  5:15  Adept  
  58  5:34  Pylon  
  58  5:39  Pylon  
  58  5:46  Observer  
  58  5:47  Probe (Chrono Boost)  
  60  5:51  Protoss Ground Weapons Level 1 (Chrono Boost)  
  60  5:53  Assimilator  
  60  5:56  Probe  
  61  5:58  Assimilator  
  61  6:01  Probe  
  61  6:02  Immortal  
  62  6:04  Adept x2  
  62  6:07  Pylon  
  70  6:11  Pylon  
  70  6:19  Probe  
  70  6:20  Probe  
  72  6:29  Robotics Facility  
  72  6:32  Probe  
  73  6:33  Pylon, Probe  
  73  6:36  Immortal  
  73  6:37  Pylon  
  74  6:44  Probe  
  74  6:45  Probe  
  80  6:50  Pylon  
  80  6:56  Probe  
  80  6:58  Probe  
  82  7:13  Observer, Stalker x3  
  89  7:24  Pylon  
  89  7:28  Pylon  
  89  7:29  Observer  
  90  7:39  Stalker x3  
Tags
 
Composition
MMM Bio
Matchup
PvT
Opening
1/1/1
Replay Pack
All Mines
Spawn Locations
Cross Positions
Strategy
Banshee Rush
Add a new tag
Caveats
  • Supply blocks, unpowered buildings, or Contaminate may cause inaccurate times.
  • Supply counts are checked every 10 seconds.